 Dungeon Crawl Stone Soup version 0.28.0-45-g0d030f2227 (webtiles) character file.

Game seed: 10873754323184563663

37 GigaChad the Covered (level 3, 0/33 HPs)
             Began as a Minotaur Fighter on Apr 14, 2022.
             Was a Plaything of Xom.
             Succumbed to an adder's poison
             ... on level 2 of the Dungeon.
             The game lasted 00:02:31 (1051 turns).

GigaChad the Covered (Minotaur Fighter)             Turns: 1051, Time: 00:02:31

Health: 0/33       AC:  7    Str: 20    XL:     3   Next: 21%
Magic:  2/2        EV:  9    Int:  5    God:    Xom [...*..]
Gold:   21         SH:  4    Dex: 11    Spells: 2/2 levels left

rFire   . . .      SeeInvis .   a - +0 long sword
rCold   . . .      Faith    .   c - +0 buckler
rNeg    . . .      Spirit   .   b - +0 scale mail
rPois   .          Reflect  .   (helmet restricted)
rElec   .          Harm     .   (no cloak)
rCorr   .          Rampage  .   (no gloves)
Will    .....                   (no boots)
Stlth   ..........              (no amulet)
HPRegen 0.11/turn               (no ring)
MPRegen 0.08/turn               (no ring)

@: lethally poisoned (0 -> -1)
A: horns 2, retaliatory headbutt
a: Renounce Religion


You were on level 2 of the Dungeon.
You worshipped Xom.
You were a favourite toy of Xom.
You visited 1 branch of the dungeon, and saw 2 of its levels.

You collected 21 gold pieces.

Inventory:

Hand Weapons
 a - a +0 long sword (weapon)
Armour
 b - a +0 scale mail (worn)
 c - a +0 buckler (worn)
Scrolls
 e - a scroll of fog {unknown}
 f - a scroll of magic mapping {unknown}
Potions
 d - a potion of might
 g - a potion of ambrosia {unknown}


   Skills:
 + Level 4.1 Fighting
 + Level 2.8 Long Blades
 + Level 4.2 Armour
 + Level 4.0 Shields


You had 2 spell levels left.
You didn't know any spells.
Your spell library contained the following spells:

 Spells                   Type           Power      Damage    Failure   Level
 Conjure Flame            Conj/Fire      0%         6-21      99%         3
 Ignite Poison            Fire/Tmut/Pois 0%         N/A       99%         3
 Sticky Flame             Conj/Fire      0%         2d3       100%        4


Dungeon Overview and Level Annotations

Branches:
Dungeon (2/15)

Altars:
Xom

Shops:
D:2 [


Innate Abilities, Weirdness & Mutations

You have a pair of horns on your head.
You reflexively headbutt those who attack you in melee.


Message History

The adder is lightly wounded.
The gnoll throws a throwing net.
The throwing net barely misses you. The adder bites you but does no damage.
You miss the adder.
The adder is lightly wounded.
The adder bites you but does no damage. x2
You hit the adder. Your headbutt misses the adder.
The adder is moderately wounded.
The adder bites you. The gnoll closely misses you.
You barely miss the adder.
The adder is moderately wounded.
The adder closely misses you. The gnoll hits you but does no damage.
The adder bites you.
You are poisoned.
The adder poisons you! You block the gnoll's attack.
You hit the adder.
The adder is heavily wounded.
You feel sick. The adder bites you but does no damage.
The gnoll closely misses you. The adder bites you but does no damage.
The gnoll hits you with a +0 flail.
You slash the adder!
You kill the adder!
You feel sick. You block the gnoll's attack.
You have reached level 3!
Your experience leads to an increase in your attributes!
Increase (S)trength, (I)ntelligence, or (D)exterity?
You feel agile. x2
You hit the gnoll but do no damage. You headbutt the gnoll!
The gnoll is severely wounded.
You feel sick.
The gnoll hits you from afar with a +0 spear.
The gnoll hits you with a +0 whip. The gnoll closely misses you.
The gnoll hits you with a +0 flail.
* * * LOW HITPOINT WARNING * * *
The gnoll hits you with a +0 whip.
* * * LOW HITPOINT WARNING * * *
You closely miss the gnoll. Your headbutt misses the gnoll.
The gnoll is severely wounded.
You die...
Xom roars with laughter!

##### ###..#....### #....
.....#..).. ..#....
###...#...# #.#....
.....#...####.##.#.
###...#...........## #
#.................##
.##..#.#...#..#######..##
>......g@†...............
......g.g..#.#......[..##
.##.##..........####...#
g................ ....# .
###..#..#<#.#.......#
.......#.#.#.......#
#####...#.#.#.......#
......#.#........


You could see 3 gnolls.

Vanquished Creatures
  An adder (D:2)
  3 endoplasms (D:1)
  A giant cockroach (D:1)
  3 goblins (D:1)
  2 hobgoblins
  3 ball pythons (D:1)
  6 bats
  5 frilled lizards (D:1)
  2 kobolds (D:1)
  A rat (D:2)
27 creatures vanquished.

Notes
Turn   | Place    | Note
-------+----------+-------------------------------------------
     0 | D:1      | GigaChad the Minotaur Fighter began the quest for the Orb.
     0 | D:1      | Reached XP level 1. HP: 19/19 MP: 0/0
    91 | D:1      | Found a faded altar of an unknown god.
   110 | D:1      | Prayed at the altar of an unknown god.
   110 | D:1      | Became a worshipper of Xom of Chaos
   119 | D:1      | XOM: silly message
   216 | D:1      | Reached XP level 2. HP: 19/27 MP: 1/1
   443 | D:1      | XOM: divination: detect creatures
   633 | D:1      | XOM: divination: detect items
   874 | D:2      | Found Nimuuz's Armour Shoppe.
  1050 | D:2      | Reached XP level 3. HP: 19/33 MP: 2/2
  1050 | D:2      | HP: 1/33 [gnoll/+0 whip (4)]
  1051 | D:2      | Succumbed to an adder's poison

Illustrated notes

Levels and vault maps discovered:
D:1:      dpeg_arrival_connections, layout_basic, ebering_ecumenical_altar_rust,
          hangedman_decor_lopped
D:2:      layout_basic, serial_shops, nicolae_shop_stone, basic_altar

Skill      XL: |  1  2 |
---------------+-------+-----
Armour         | 4 |  4.2
Fighting       | 4 |  4.1
Shields        | 4 |  4.0
Long Blades    | |  2.8

Action                   || total
-------------------------++-------
Melee: Long sword        ||    63
       Headbutt          ||     5
Armor: Scale mail        ||    47
Dodge: Dodged            ||    42
Block: Buckler           ||    21
